 Dungeon Crawl Stone Soup version 0.20.1-1-g8b1a95d (webtiles) character file.

387 Nattfarinn the Stinger (level 6, -1/36 HPs)
             Began as a Deep Elf Venom Mage on Aug 1, 2017.
             Slain by a water moccasin (10 damage)
             ... on level 4 of the Dungeon.
             The game lasted 00:11:07 (4265 turns).

Nattfarinn the Stinger (Deep Elf Venom Mage)        Turns: 4265, Time: 00:11:08

Health: -1/36      AC:  2    Str: 10    XL:     6   Next: 49%
Magic:  10/14      EV: 13    Int: 22    God:
Gold:   184        SH:  0    Dex: 15    Spells: 10/13 levels left

rFire    . . .     SeeInvis .   q - +0 hunting sling
rCold    . . .     Gourm    .   (no shield)
rNeg     . . .     Faith    .   a - +0 robe
rPois    .         Spirit   .   (no helmet)
rElec    .         Reflect  .   (no cloak)
rCorr    .         Harm     .   (no gloves)
MR       .....                  (no boots)
Stlth    ++........             (no amulet)
Regen    0.2/turn               (no ring)
MPRegen  0.2/turn               (no ring)

@: mighty, lethally poisoned (-1 -> -8)
A: no striking features
a: no special abilities


You were on level 4 of the Dungeon.
You were near starving.

You visited 1 branch of the dungeon, and saw 4 of its levels.

You collected 184 gold pieces.

Inventory:

Hand Weapons
 q - a +0 hunting sling (weapon)
Missiles
 d - 29 sling bullets (quivered)
 u - 74 stones
Armour
 a - a +0 robe (worn)
 l - a +0 leather armour of cold resistance
Jewellery
 k - a -2 ring of intelligence
 w - an uncursed amulet of guardian spirit {unknown}
Wands
 g - a wand of confusion (26/48)
 n - a wand of polymorph (4/24)
 v - a wand of flame (29/48)
Scrolls
 e - a scroll of remove curse
 i - 3 scrolls of identify
 j - a scroll of blinking {unknown}
 m - a scroll of recharging {unknown}
 r - 2 scrolls of teleportation {unknown}
Books
 b - a Young Poisoner's Handbook

   Spells                             Type                      Level
   a - Sting                          Conjuration/Poison           1
   b - Poisonous Vapours              Poison/Air                   2
   c - Mephitic Cloud                 Conjuration/Poison/Air       3
   d - Olgreb's Toxic Radiance        Poison                       4
   e - Venom Bolt                     Conjuration/Poison           5
 t - a book of Fire

   Spells                             Type                      Level
   a - Ignite Poison                  Fire/Transmutation/Poison    3
   b - Fireball                       Conjuration/Fire             5
   c - Bolt of Fire                   Conjuration/Fire             6
   d - Ring of Flames                 Charms/Fire                  7
   e - Ignition                       Fire                         8
Comestibles
 c - 3 bread rations
 f - 7 fruits
 h - 3 meat rations
 o - a royal jelly


   Skills:
 * Level 2.4 Fighting
 + Level 2.0 Slings
 + Level 3.0 Dodging
 - Level 2.4 Stealth
 + Level 4.2 Spellcasting
 + Level 2.2 Conjurations
 + Level 0.2 Air Magic
 * Level 5.2 Poison Magic


You had 10 spell levels left.
You knew the following spells:

 Your Spells              Type           Power        Failure   Level  Hunger
a - Sting                 Conj/Pois      ###.         2%          1    None
b - Poisonous Vapours     Pois/Air       ###...       5%          2    #......


Dungeon Overview and Level Annotations

Branches:
Dungeon (4/15)
 Temple: D:4-7

Altars:

Shops:
D:4 *


Message History

The water moccasin barely misses you.
You feel much better.
You feel sick. The water moccasin bites you!
Firing (i - inventory. (,) - cycle):
d - 31 sling bullets (quivered)
Press: ? - help, Shift-Dir - straight line, f/p - water moccasin
Aim: a water moccasin (moderately wounded)
You shoot a sling bullet.
The sling bullet completely misses the water moccasin.
The water moccasin bites you! The water moccasin barely misses you.
You are too injured to fight recklessly!
You are too injured to fight recklessly!
You are too injured to fight recklessly!
You feel very mighty all of a sudden.
You feel sick. The water moccasin closely misses you.
Firing (i - inventory. (,) - cycle):
d - 30 sling bullets (quivered)
Press: ? - help, Shift-Dir - straight line, f/p - water moccasin
Aim: a water moccasin (moderately wounded)
You shoot a sling bullet.
The sling bullet closely misses the water moccasin.
You feel sick. The water moccasin bites you!
You die...

# #.####.#. #
#.## .
#..#####.## #
#.......... #
#..#####.##
#######..#
.........# ###
##.####..###...#
#..#@S.∩(+
#....#...#
.......### ###
..###.## #.# #(#
#. ##


You could see a water moccasin.

Vanquished Creatures
  The ghost of Nattfarinn the Stinger, an amateur DEVM (D:3)
  A howler monkey (D:3)
  Crazy Yiuf (D:3)
  A hound (D:3)
  An iguana (D:4)
  Jessica (D:3)
  Ijyb (D:3)
  Terence (D:3)
  5 adders
  2 leopard geckos
  4 orcs (D:3)
  4 giant cockroaches
  14 goblins
  3 hobgoblins
  4 ball pythons
  8 bats
  8 frilled lizards
  8 kobolds
  A leopard gecko zombie (D:3)
  11 rats
80 creatures vanquished.

Notes
Turn   | Place    | Note
-------+----------+-------------------------------------------
     0 | D:1      | Nattfarinn the Deep Elf Venom Mage began the quest for the Orb.
     0 | D:1      | Reached XP level 1. HP: 10/10 MP: 6/6
   479 | D:1      | Reached XP level 2. HP: 15/15 MP: 4/8
  1312 | D:2      | Reached skill level 4 in Poison Magic
  1338 | D:2      | Reached XP level 3. HP: 20/20 MP: 2/9
  1730 | D:3      | Noticed Nattfarinn's ghost (amateur DEVM)
  1850 | D:3      | Noticed Jessica
  1856 | D:3      | Killed Jessica
  1856 | D:3      | Reached XP level 4. HP: 23/24 MP: 9/11
  1869 | D:3      | Noticed Terence
  1886 | D:3      | Killed Terence
  1886 | D:3      | Reached skill level 1 in Fighting
  2141 | D:3      | Found a runed door.
  2170 | D:3      | Noticed Ijyb
  2187 | D:3      | Killed Ijyb
  2187 | D:3      | Reached skill level 5 in Poison Magic
  2187 | D:3      | Reached XP level 5. HP: 20/29 MP: 3/13
  2974 | D:3      | HP: 1/30 [Nattfarinn's ghost/sting (5)]
  2984 | D:3      | Killed Nattfarinn's ghost
  2984 | D:3      | Reached skill level 1 in Slings
  3034 | D:3      | Reached XP level 6. HP: 30/35 MP: 14/14
  3790 | D:3      | Learned a level 2 spell: Poisonous Vapours
  3790 | D:3      | Noticed Crazy Yiuf
  3797 | D:3      | Killed Crazy Yiuf
  4253 | D:4      | Found Darar's Serpentskin Sales.
  4253 | D:4      | Noticed a water moccasin
  4265 | D:4      | Slain by a water moccasin

Skill      XL: |  1  2  3  4  5  6 |
---------------+-------------------+-----
Poison Magic   | 4 5 |  5.2
Fighting       | 1 2 |  2.4
Spellcasting   | 4 |  4.2
Conjurations   | 2 |  2.2
Slings         | 1 2 |  2.0
Dodging        | 3 |  3.0
Stealth        | |  2.4
Air Magic      | |  0.2

Action                   |  1- 3 |  4- 6 || total
-------------------------+-------+-------++-------
Melee: Unarmed           |    15 |       ||    15
 Fire: Hunting sling     |     8 |    60 ||    68
 Cast: Sting             |    71 |    82 ||   153
       Poisonous Vapours |       |     4 ||     4
  Use: Potion            |       |     9 ||     9
       Scroll            |       |     3 ||     3
  Eat: Chunk             |     2 |     6 ||     8
Armor: Robe              |     6 |     9 ||    15
Dodge: Dodged            |    19 |    49 ||    68
